 Dungeon Crawl Stone Soup version 0.28-a0-1624-g820543e53a (webtiles) character file.

Game seed: 3851550650298402521

4838 soggyman666 the Thaumaturge (level 10, -6/60 HPs)
             Began as a Djinni Fire Elementalist on Jan 23, 2022.
             Was an Initiate of Hepliaklqana.
             Killed by divine providence
             ... invoked by an orc priest
              (13 damage)
             ... on level 8 of the Dungeon.
             The game lasted 00:27:26 (10617 turns).

soggyman666 the Thaumaturge (DjFE)                 Turns: 10617, Time: 00:27:27

Health: -6/60      AC:  4    Str: 13    XL:     10   Next: 78%
Gold:   400        EV: 14    Int: 20    God:    Hepliaklqana [......] SH:  0 Dex: 15

rFire   + + .      SeeInvis .   (no weapon)
rCold   x . .      Faith    .   (no shield)
rNeg    . . .      Spirit   .   a - +0 robe
rPois   ∞          Reflect  .   t - +2 hat
rElec   .          Harm     .   (no cloak)
rCorr   +          Rampage  .   (no gloves)
Will    +....                   (boots unavailable)
Stlth   ++........              (no amulet)
HPRegen 0.20/turn               u - ring of resist corrosion
MPRegen 0.00/turn               A - +6 ring of strength

@: flying
A: sickness immunity, fire resistance 2, cold vulnerability 1, float, innate
caster, hp casting, extra vitality 1
a: Renounce Religion


You were on level 8 of the Dungeon.
You worshipped Hepliaklqana.
Hepliaklqana was noncommittal.
You visited 2 branches of the dungeon, and saw 9 of its levels.

You collected 400 gold pieces.

Inventory:

Missiles
 y - 3 throwing nets
Armour
 a - a +0 robe (worn)
 t - a +2 hat (worn)
Jewellery
 p - a ring of fire
 u - a ring of resist corrosion (left hand)
 A - a +6 ring of strength (right hand)
Wands
 o - a wand of polymorph (8)
 r - a wand of flame (20)
 x - a wand of mindburst (5)
Scrolls
 c - 4 scrolls of teleportation
 e - a scroll of enchant armour
 g - 2 scrolls of magic mapping
 k - 3 scrolls of identify
 l - a scroll of fog
Potions
 b - a potion of mutation {unknown}
 d - 2 potions of heal wounds {unknown}
 f - 5 potions of curing
 h - a potion of degeneration {unknown}
 i - 2 potions of lignification {unknown}
 m - a potion of might {unknown}
 n - a potion of cancellation {unknown}
 q - a potion of brilliance {unknown}
 s - a potion of resistance {unknown}
 w - 3 potions of flight {unknown}


   Skills:
 * Level 5.6 Dodging
 - Level 1.5 Stealth
 + Level 11.0 Spellcasting
 * Level 3.5 Invocations


You had 9 spell levels left.
You knew the following spells:

 Your Spells              Type           Power      Damage    Failure   Level
a - Foxfire               Conj/Fire      100%       2x1d9     1%          1
b - Scorch                Fire           100%       2d10      1%          2
c - Conjure Flame         Conj/Fire      53%        6-21      1%          3
d - Inner Flame           Hex/Fire       53%        N/A       1%          3
e - Flame Wave            Conj/Fire      53%        2d11      1%          4
f - Animate Skeleton      Necr           100%       N/A       1%          1
g - Passwall              Tmut/Erth      44%        N/A       1%          2
h - Corpse Rot            Necr/Air       100%       N/A       1%          2
i - Iskenderun's Mystic   Conj/Tloc      53%        2d11      1%          4
Your spell library was empty.

Dungeon Overview and Level Annotations

Branches:
Dungeon (8/15)             Temple (1/1) D:6
   Lair: D:8-11

Altars:
Ashenzari
Dithmenos
Elyvilon
Fedhas
Gozag
Hepliaklqana
Kikubaaqudgha
Makhleb
Nemelex Xobeh
Okawaru
Qazlal
Ru
Sif Muna
Trog
Uskayaw
Vehumet
Wu Jian
Xom
Yredelemnul
Zin
The Shining One

Shops:
D:6 (

Annotations:
D:8 2 transporters, enile's ghost, journeyman DrWn


Innate Abilities, Weirdness & Mutations

You are immune to sickness and miasma.
You are immune to poison.
Your flesh is very heat resistant. (rF++)
You are vulnerable to cold. (rC-)
You float through the air rather than walking.
You learn spells naturally, not from books.
Your magical power is your life essence.
You have superior vitality. (+4 MHP)


Message History

Beogh smites you!
* * * LOW HITPOINT WARNING * * *
Casting: Foxfire (safe; 1% risk of failure)
Confirm with . or Enter, or press ? or * to list all spells.
Flames lash the orc.
You kill the orc!
* * * LOW HITPOINT WARNING * * *
The foxfire hits the orc.
The orc is severely wounded.
The foxfire hits the orc!
You kill the orc!
Blink to where?
Press: ? - help, Dir - move target
As you read the scroll of blinking, it crumbles to dust.
As you read the scroll of summoning, it crumbles to dust.
Wisps of shadow whirl around you...
Something hits your orc wizard but does no damage.
Something closely misses your orc wizard.
Something hits your orc wizard but does no damage.
Something misses your orc wizard. Something hits your orc wizard.
Your orc misses the orc.
The orc hits your orc wizard with a +0 mace.
Your orc hits the orc with a +0 falchion.
The orc closely misses your orc wizard.
Your orc barely misses the orc.
The orc closely misses your orc wizard.
Your orc misses the orc.
Your orc wizard hits the orc with a +0 dagger.
The orc hits your orc wizard with a +0 mace.
Your orc closely misses the orc.
Your orc wizard casts a spell at the orc.
The orc resists with significant effort.
Your orc wizard hits the orc with a +1 dagger of venom.
The orc dies!
Something barely misses your orc wizard.
Something hits your orc wizard. x2
Your orc wizard dies!
Your orc wizard's corpse dissolves into shadows!
The orc priest looks satisfied for a moment.
The orc priest invokes the aid of Beogh against you.
Beogh smites you!
You die...

#.......w......'
#..########....#
#.v#......#....#
#§.§...##.#....#
.######v#.#.##.#....#
.......§..#)##.#.####
########.#......#.#...
#...Do.#.########.#.## #..#
#oo@Z#.#........#.#
#..#.#o####..........#.##
###+#..#...............#.#.#. .
#......#.#.####....###.#'#.#+
#)#......###o####....###.......
..)..).........>...............
...)..).####)###...######......
......o)o....# #...##........#'
..#####.###)§###...##.##.#'#.#.


You could see an orc priest, a friendly steam dragon (summoned), 2 friendly orc
wizards, a friendly orc (summoned) and a friendly centaur zombie (summoned).

Vanquished Creatures
  Gastronok (D:8)
  Harold (D:8)
  Maggie (D:7)
  Edmund (D:6)
  Duvessa (D:5)
  2 ice beasts
  2 sky beasts
  2 black bears
  4 ogres
  A necrophage (D:4)
  A centaur (D:7)
  4 bullfrogs (D:7)
  Blork the orc (D:5)
  3 gnoll sergeants
  2 scorpions
  A water moccasin zombie (D:7)
  Dowan (D:5)
  3 wights
  A howler monkey (D:4)
  3 jellies
  2 hounds
  2 bullfrog skeletons
  Jessica (D:2)
  4 iguanas
  3 howler monkey zombies
  Robin (D:2)
  17 gnolls
  7 adders
  A worm (D:2)
  A dart slug (D:3)
  30 orcs
  4 endoplasms
  A giant cockroach (D:4)
  5 hobgoblins
  2 jackals (D:4)
  8 kobolds
  2 quokkas (D:1)
  5 ball pythons
  6 bats
  15 goblins
  4 rats
157 creatures vanquished.

Vanquished Creatures (collateral kills)
  An orc (D:8)
1 creature vanquished.

Vanquished Creatures (others)
  569 foxfires
569 creatures vanquished.

Grand Total: 727 creatures vanquished

Notes
Turn   | Place    | Note
-------+----------+-------------------------------------------
     0 | D:1      | soggyman666 the Djinni Fire Elementalist began the quest
                  | for the Orb.
     0 | D:1      | Reached XP level 1. HP: 15/15 MP: 0/0
   180 | D:1      | Found a faded altar of an unknown god.
   571 | D:1      | Reached XP level 2. HP: 16/21 MP: 0/0
  1286 | D:1      | Reached skill level 3 in Spellcasting
  1578 | D:2      | You are sucked into a shaft and drop 2 floors!
  1584 | D:4      | Noticed a necrophage
  1587 | D:4      | Noticed a howler monkey
  1589 | D:4      | Killed a necrophage
  1590 | D:4      | Reached skill level 4 in Spellcasting
  1590 | D:4      | Reached XP level 3. HP: 17/25 MP: 0/0
  1590 | D:4      | Learned a level 1 spell: Animate Skeleton
  1590 | D:4      | Reached XP level 4. HP: 21/31 MP: 0/0
  1590 | D:4      | Reached XP level 5. HP: 24/35 MP: 0/0
  1590 | D:4      | Learned a level 2 spell: Passwall
  2656 | D:2      | Noticed Robin
  2664 | D:2      | Killed Robin
  2665 | D:2      | Reached XP level 6. HP: 14/40 MP: 0/0
  3086 | D:2      | Noticed Jessica
  3088 | D:2      | Killed Jessica
  3460 | D:3      | Found a faded altar of an unknown god.
  3476 | D:3      | Reached skill level 5 in Spellcasting
  4733 | D:4      | Reached XP level 7. HP: 43/45 MP: 0/0
  4733 | D:4      | Learned a level 2 spell: Corpse Rot
  5092 | D:5      | Entered Level 5 of the Dungeon
  5371 | D:5      | Reached skill level 6 in Spellcasting
  5509 | D:5      | Noticed Dowan
  5513 | D:5      | Noticed Duvessa
  5516 | D:5      | Killed Dowan
  5520 | D:5      | Killed Duvessa
  5521 | D:5      | Reached XP level 8. HP: 30/50 MP: 0/0
  6004 | D:5      | Noticed Blork the orc
  6009 | D:5      | Killed Blork the orc
  6010 | D:5      | Reached skill level 7 in Spellcasting
  6722 | D:6      | Found Haushryu's Antique Weapon Shop.
  6735 | D:6      | Noticed Edmund
  6743 | D:6      | Killed Edmund
  6878 | D:6      | Identified the +1 great sword "Juczofec" {vamp, *Rage rCorr
                  | Str+9 Stlth+}
  6993 | D:6      | Reached skill level 8 in Spellcasting
  7078 | D:6      | Reached XP level 9. HP: 49/55 MP: 0/0
  7078 | D:6      | Learned a level 4 spell: Iskenderun's Mystic Blast
  7293 | D:6      | Identified the +0 leather armour of Qoje {Rampage Will-
                  | Dex+2}
  7413 | D:6      | Found a staircase to the Ecumenical Temple.
  7423 | Temple   | Entered the Ecumenical Temple
  7711 | Temple   | Became a worshipper of Hepliaklqana the Forgotten
  8302 | D:7      | Reached skill level 9 in Spellcasting
  8894 | D:7      | Reached skill level 1 in Invocations
  9078 | D:7      | Noticed Maggie
  9088 | D:7      | Killed Maggie
  9089 | D:7      | Reached XP level 10. HP: 34/60 MP: 0/0
  9288 | D:7      | Reached skill level 10 in Spellcasting
  9322 | D:7      | Found a bloodstained altar of Trog.
  9325 | D:7      | Found an ornate altar of the Wu Jian Council.
  9661 | D:8      | Noticed a moth of wrath
  9663 | D:8      | Found a bloodstained altar of Trog.
  9663 | D:8      | Noticed enile's ghost (journeyman DrWn)
  9682 | D:8      | Found a transporter.
  9687 | D:8      | Found a transporter.
  9916 | D:8      | Noticed Gastronok
 10162 | D:8      | Noticed Harold
 10170 | D:8      | Killed Harold
 10171 | D:8      | Reached skill level 5 in Dodging
 10294 | D:8      | Killed Gastronok
 10564 | D:8      | Reached skill level 11 in Spellcasting
 10617 | D:8      | Killed from afar by an orc priest

Illustrated notes

Levels and vault maps discovered:
D:1:      evilmike_arrival_fibonacci_small, layout_loops_ring,
          ebering_ecumenical_altar_mist
D:2:      minmay_diamond_boxcup, layout_basic, minmay_pentomino_s4, uniq_robin,
          uniq_jessica
D:3:      layout_basic, nicolae_overflow_ecumenical_swirl
D:4:      layout_layer_cave
D:5:      layout_gridville, uniq_blork_the_orc, uniq_duvessa
D:6:      layout_cave_pools, lemuel_temple_firewalk_b, serial_shops,
          nicolae_shop_statue_plus, kennysheep_doodads, st_stairs_11,
          uniq_edmund
D:7:      layout_loops_ring, gammafunk_temple_overflow_wave, uniq_maggie
D:8:      minmay_chambers_of_sevens, layout_basic,
          gammafunk_ghost_wrathful_warriors, special_room [special_room_orc],
          the_hattery, uniq_gastronok, uniq_grum, uniq_harold
Temple:   mainiacjoe_temple_bowtie_tessellation

Skill      XL: |  1  2  3  4  5  6  7  8  9 10 |
---------------+-------------------------------+-----
Spellcasting   | 4 5 6 8 9 11 | 11.0
Dodging        | 4 5 |  5.6
Invocations    | 1 3 |  3.5
Stealth        | |  1.5

Action                   |  1- 3 |  4- 6 |  7- 9 | 10-12 || total
-------------------------+-------+-------+-------+-------++-------
 Cast: Foxfire           |    51 |    73 |   158 |    74 ||   356
       Scorch            |     7 |    38 |    63 |    26 ||   134
       Conjure Flame     |       |     3 |     4 |     6 ||    13
       Passwall          |       |       |     2 |       ||     2
  Use: Scroll            |     4 |     5 |     5 |     2 ||    16
Armor: Robe              |     3 |     2 |     2 |     2 ||     9
Dodge: Dodged            |     3 |    10 |    15 |     7 ||    35

Table legend: (Time is in decaauts)
 A = Elapsed time spent in this place.
 B = Non-inter-level travel time spent in this place.
 C = Inter-level travel time spent in this place.
 D = Time resting spent in this place.
 E = Time spent auto-exploring this place.
 F = Levels seen in this place.
 G = Mean time per level.
                   A        B        C        D        E       F      G
               +--------+--------+--------+--------+--------+-----+--------+
         Total |  10616 |  10284 |    332 |   1653 |   7320 |   9 | 1179.6 |
       Dungeon |  10318 |  10068 |    250 |   1653 |   7116 |   8 | 1289.8 |
        Temple |    298 |    216 |     82 |      0 |    204 |   1 |  298.0 |
               +--------+--------+--------+--------+--------+-----+--------+

Top non-repeatable levels by time:
     D:6: 1712 daAuts
     D:1: 1574 daAuts
     D:7: 1462 daAuts
     D:4: 1352 daAuts
     D:2: 1172 daAuts
     D:5: 1094 daAuts
     D:3: 994 daAuts
     D:8: 955 daAuts
  Temple: 298 daAuts
